 Dungeon Crawl Stone Soup version 0.28.0-43-g3370ac3207 (webtiles) character file.

Game seed: 10523121061217702868

13913 Peloso the Blocker (level 11, 0/95 HPs)
             Began as a Minotaur Fighter on Mar 19, 2022.
             Was a High Priest of Okawaru.
             Slain by a cane toad (17 damage)
             ... on level 1 of the Lair of Beasts.
             The game lasted 00:28:03 (14746 turns).

Peloso the Blocker (Minotaur Fighter)              Turns: 14746, Time: 00:28:03

Health: 0/95       AC: 21    Str: 29    XL:     11   Next: 81%
Magic:  10/10      EV:  7    Int:  5    God:    Okawaru [*****.]
Gold:   1017       SH: 17    Dex: 12    Spells: 10/10 levels left

rFire   . . .      SeeInvis .   a - +2 falchion (vorpal)
rCold   . . .      Faith    .   c - +0 tower shield
rNeg    . . .      Spirit   .   L - +0 plate armour
rPois   .          Reflect  .   n - +0 hat
rElec   .          Harm     .   N - +0 cloak
rCorr   .          Rampage  .   Q - +1 pair of gloves {hurl}
Will    .....                   g - +0 pair of boots
Stlth   ..........              (no amulet)
HPRegen 0.25/turn               y - +6 ring of strength
MPRegen 0.12/turn               (no ring)

@: lethally poisoned (0 -> -8)
A: horns 2, retaliatory headbutt
a: Renounce Religion, Heroism, Finesse, Duel


You were on level 1 of the Lair of Beasts.
You worshipped Okawaru.
Okawaru was extremely pleased with you.
You visited 3 branches of the dungeon, and saw 13 of its levels.
You also visited: Sewer.

You collected 1119 gold pieces.
You spent 102 gold pieces at shops.

Inventory:

Hand Weapons
 a - a +2 vorpal falchion (weapon)
 b - a +0 whip of flaming
 G - the +3 hand crossbow of Gallantry {flame, rElec Int+2 SInv}
   (Okawaru gifted it to you on level 11 of the Dungeon)

   Any ammunition fired from it burns those it strikes, dealing additional fire
   damage.
   Int:       It affects your intelligence (+2).
   rElec:     It insulates you from electricity.
   SInv:      It lets you see invisible.
Armour
 c - a +0 tower shield (worn)
 g - a +0 pair of boots (worn)
 n - a +0 hat (worn)
 w - a +0 scale mail of cold resistance
 L - a +0 plate armour (worn)
 N - a +0 cloak (worn)
 Q - a +1 pair of gloves of hurling (worn)
Jewellery
 y - a +6 ring of strength (left hand)
 H - a +4 ring of evasion
 I - an amulet of guardian spirit
 M - a ring of wizardry
 S - a ring of flight
Wands
 h - a wand of polymorph (12)
 z - a wand of paralysis (12)
 K - a wand of digging (9)
 O - a wand of mindburst (13)
 P - a wand of iceblast (5)
Scrolls
 d - 3 scrolls of immolation
 f - 2 scrolls of summoning
 i - 2 scrolls of enchant weapon
 j - a scroll of silence
 k - 2 scrolls of noise
 r - 4 scrolls of teleportation
 v - a scroll of identify
 x - a scroll of brand weapon
 A - a scroll of amnesia
 B - 3 scrolls of fear
 C - a scroll of enchant armour
 D - a scroll of blinking
 E - a scroll of holy word {unknown}
 J - 2 scrolls of fog
Potions
 e - a potion of brilliance
 l - a potion of resistance {unknown}
 m - a potion of haste
 o - 4 potions of curing {unknown}
 p - 2 potions of heal wounds
 q - 2 potions of magic {unknown}
 s - a potion of cancellation {unknown}
 t - 2 potions of mutation {unknown}
 u - a potion of degeneration {unknown}
 R - a potion of invisibility


   Skills:
 + Level 8.9 Fighting
 + Level 12.0 Long Blades
 + Level 11.9 Armour
 + Level 4.2 Dodging
 + Level 2.3 Stealth
 + Level 13.2 Shields
 + Level 0.6 Invocations
 + Level 0.3 Evocations


You had 10 spell levels left.
You didn't know any spells.
Your spell library contained the following spells:

 Spells                   Type           Power      Damage    Failure   Level
 Apportation              Tloc           0%         N/A       100%        1
 Ignite Poison            Fire/Tmut/Pois 0%         N/A       100%        3
 Mephitic Cloud           Conj/Pois/Air  0%         N/A       100%        3
 Stone Arrow              Conj/Erth      0%         3d7       100%        3
 Leda's Liquefaction      Hex/Erth       0%         N/A       100%        4
 Blade Hands              Tmut           0%         N/A       100%        5
 Freezing Cloud           Conj/Ice/Air   0%         6-21      100%        5
 Lee's Rapid Deconstruct  Erth           0%         3d5*      100%        5
 Iron Shot                Conj/Erth      0%         9d1       100%        6
 Statue Form              Tmut/Erth      0%         N/A       100%        6
 Lehudib's Crystal Spear  Conj/Erth      0%         10d2      100%        8
 Animate Skeleton         Necr           Unusable   N/A       N/A         1
 Summon Small Mammal      Summ           Unusable   N/A       N/A         1
 Animate Armour           Summ/Erth      Unusable   N/A       N/A         4

Dungeon Overview and Level Annotations

Branches:
Dungeon (11/15)            Temple (1/1) D:4            Lair (1/6) D:8
  Sewer (visited)
    Orc: D:9-12

Altars:
Ashenzari
Cheibriados
Dithmenos
Elyvilon
Fedhas
Gozag
Hepliaklqana
Kikubaaqudgha
Makhleb
Nemelex Xobeh
Okawaru
Qazlal
Ru
Sif Muna
Trog
Uskayaw
Vehumet
Wu Jian
Xom
Yredelemnul
Zin
The Shining One
Beogh
Jiyva

Shops:
D:8 *   D:10 ?

Annotations:
D:10 3 runed translucent doors, Ablot's ghost, journeyman GnWr


Innate Abilities, Weirdness & Mutations

You have a pair of horns on your head.
You reflexively headbutt those who attack you in melee.


Message History

You feel sick. You block the cane toad's attack.
The water moccasin closely misses you.
You barely miss the cane toad.
The cane toad is severely wounded.
You feel sick. The cane toad stings you!
You are more poisoned.
The cane toad poisons you! You block the water moccasin's attack.
You block the cane toad's attack.
Unknown command.
You barely miss the cane toad.
You headbutt the cane toad, but do no damage.
The cane toad is severely wounded.
You feel very sick. You block the water moccasin's attack.
The burning bush throws fire at you.
The puff of flame hits you but does no damage.
You block the cane toad's attack. You block the water moccasin's attack.
You hit the cane toad.
The cane toad is severely wounded.
You feel very sick. You block the water moccasin's attack.
You block the cane toad's attack. The burning bush throws fire at you.
The puff of flame hits you! The burning bush throws fire at you.
The puff of flame hits you.
* * * LOW HITPOINT WARNING * * *
You hit the cane toad but do no damage.
The cane toad is severely wounded.
You feel very sick. The water moccasin closely misses you.
You furiously retaliate!
You headbutt the water moccasin! You block the cane toad's attack.
Unknown command.
You feel very sick. You block the water moccasin's attack.
You hit the water moccasin.
You kill the water moccasin!
Okawaru accepts your kill.
You feel very sick. The cane toad stings you!
You die...

***,***,,* *,,,**#......P......
*,,+,,,,,***,,,*#.....P...P....
*,,****,,,*,,,,*#...P...8...P..
*+** *,,***,,,,*#...8.....8...
*,,* *,,* *,,,**#.P...........
***,*** *,,* ***** #.............
*,,+*,***,,***######P.8..>8<..8.P
,,,,,,,,,...#.#.#P........>......
,,,,,,,,,.......@F†............P.
,,,,,,,,,..............8.....8...
,,,,,,,,,.............P...8.....P
*,**,,*,,..#..#.####....P.......#
,,,,,,*,,.......,,....P...P...[.P
,,,,,,*,,..#....,..#....#.......P
,,,,,,*,,.,#.......#....#.......#
,,,,,,+,,,,#......,#....#.......#
,,,,,,*,,,,,,,,,,,,*,,,,*,,,,,,,*


You could see a burning bush and a cane toad.

Vanquished Creatures
  Gastronok (D:9)
  A boulder beetle (D:8)
  A skeletal warrior (D:11)
  Pikel (D:5)
  A wolf spider (D:9)
  2 manticores
  A cyclops (D:8)
  Maurice (D:8)
  An unseen horror (D:11)
  A meliai (shapeshifter) (D:9)
  A hornet (D:8)
  2 trolls
  A slime creature (D:8)
  2 wraiths (D:10)
  A shadow (D:10)
  Eustachio (D:6)
  10 yaks
  Sigmund (D:5)
  A wyvern (D:8)
  A basilisk (D:8)
  A steam dragon (D:8)
  The ghost of kthxbai the Insei, an amateur DgTm (D:3)
  Edmund (D:4)
  3 water moccasins
  2 acid dragons
  A black bear (D:5)
  A hornet zombie (D:5)
  An ice beast (D:6)
  4 orc warriors
  A sky beast (D:5)
  4 ogres
  3 wolves (D:8)
  8 centaurs
  4 kobold brigands
  3 phantoms
  2 lemures (D:5)
  A gnoll sergeant (D:5)
  2 bullfrogs
  3 scorpions
  3 killer bees (D:9)
  4 wights (D:9)
  5 electric eels
  6 howler monkeys
  4 centaur zombies
  2 bullfrog skeletons
  5 hounds
  2 jellies
  4 orc priests
  An iguana (D:5)
  A gnoll shaman (D:8)
  13 orc wizards
  2 scorpion zombies (D:5)
  3 howler monkey zombies
  7 gnolls
  A howler monkey skeleton (D:5)
  7 adders
  A river rat (Sewer)
  A shadow imp (D:7)
  A white imp (D:8)
  An ufetubus (D:7)
  5 worms
  2 dart slugs
  43 orcs
  9 ball pythons
  12 endoplasms
  6 giant cockroaches
  8 goblins
  10 hobgoblins
  A jackal (D:5)
  4 quokkas
  8 bats
  4 frilled lizards
  22 kobolds
  13 rats
299 creatures vanquished.

Vanquished Creatures (others)
  An orc wizard (D:10)
  7 plants
8 creatures vanquished.

Grand Total: 307 creatures vanquished

Notes
Turn   | Place    | Note
-------+----------+-------------------------------------------
     0 | D:1      | Peloso the Minotaur Fighter began the quest for the Orb.
     0 | D:1      | Reached XP level 1. HP: 19/19 MP: 0/0
   155 | D:1      | Found a faded altar of an unknown god.
   280 | D:1      | Reached XP level 2. HP: 27/27 MP: 1/1
   749 | D:1      | Reached skill level 4 in Shields
   750 | D:1      | Reached XP level 3. HP: 11/33 MP: 2/2
  1185 | D:2      | Found a radiant altar of Vehumet.
  1712 | D:3      | Reached XP level 4. HP: 40/40 MP: 3/3
  1854 | D:3      | Found a runed translucent gate.
  1854 | D:3      | Found a runed translucent gate.
  1854 | D:3      | Found a runed translucent gate.
  1855 | D:3      | Noticed kthxbai's ghost (amateur DgTm)
  1872 | D:3      | Found a bloodstained altar of Trog.
  2489 | D:4      | Noticed a phantom
  2497 | D:4      | Noticed Eustachio
  2504 | D:4      | Killed a phantom
  2505 | D:4      | Reached skill level 1 in Dodging
  2505 | D:4      | Reached XP level 5. HP: 35/47 MP: 4/4
  2642 | D:4      | Noticed Edmund
  2649 | D:4      | Killed Edmund
  2650 | D:4      | Reached skill level 5 in Armour
  2650 | D:4      | Reached skill level 5 in Shields
  2650 | D:4      | Reached XP level 6. HP: 30/53 MP: 5/5
  3011 | D:4      | Found a glowing drain.
  3020 | Sewer    | Entered a sewer
  3261 | Sewer    | Reached skill level 5 in Long Blades
  3280 | Sewer    | Reached XP level 7. HP: 56/60 MP: 6/6
  3627 | Sewer    | Reached skill level 6 in Shields
  4224 | D:4      | Found a staircase to the Ecumenical Temple.
  4241 | Temple   | Entered the Ecumenical Temple
  4265 | Temple   | Became a worshipper of Warmaster Okawaru
  4399 | D:5      | Entered Level 5 of the Dungeon
  4424 | D:5      | Noticed Pikel
  4438 | D:5      | Killed Pikel
  4439 | D:5      | Reached skill level 5 in Fighting
  4439 | D:5      | Reached skill level 1 in Stealth
  4439 | D:5      | Reached XP level 8. HP: 51/69 MP: 7/7
  4572 | D:5      | Reached * piety under Okawaru
  4787 | D:5      | Reached skill level 7 in Shields
  5392 | D:5      | Reached ** piety under Okawaru
  5609 | D:5      | Reached XP level 9. HP: 67/78 MP: 8/8
  5805 | D:5      | Reached skill level 8 in Shields
  5830 | D:5      | Noticed Sigmund
  5849 | D:5      | Killed Sigmund
  5898 | D:5      | Found a hazy altar of Hepliaklqana.
  6200 | D:6      | Killed Eustachio
  6489 | D:6      | Found a sparkling altar of Nemelex Xobeh.
  6526 | D:6      | Reached *** piety under Okawaru
  6853 | D:6      | Reached skill level 9 in Shields
  7406 | D:7      | Found an opulent altar of Gozag.
  7677 | D:7      | Found a radiant altar of Vehumet.
  8090 | D:8      | Noticed a troll
  8105 | D:8      | Killed a troll
  8226 | D:8      | Found a staircase to the Lair.
  8248 | D:8      | Reached XP level 10. HP: 24/86 MP: 9/9
  8760 | D:8      | Received a gift from Okawaru
  9204 | D:8      | Found Huesyile's Island Escapes.
  9291 | D:8      | Noticed Maurice
  9306 | D:8      | Paralysed by Maurice for 6 turns
  9317 | D:8      | Killed Maurice
  9318 | D:8      | Reached skill level 10 in Shields
  9388 | D:8      | Reached **** piety under Okawaru
  9633 | D:9      | Found a blossoming altar of Fedhas.
  9649 | D:9      | Noticed Gastronok
  9696 | D:9      | Killed Gastronok
  9697 | D:9      | Reached skill level 10 in Long Blades
  9697 | D:9      | Reached skill level 10 in Armour
  9740 | D:9      | Found a shimmering blue altar of Sif Muna.
  9830 | D:9      | Reached skill level 11 in Shields
 10124 | D:9      | Found a broken altar of Ashenzari.
 10561 | D:9      | Reached ***** piety under Okawaru
 10853 | D:8      | Noticed a wolf spider
 10859 | D:8      | Noticed a boulder beetle
 10859 | D:8      | Noticed a cyclops
 10859 | D:8      | Noticed a manticore
 10883 | D:8      | Noticed a harpy
 10893 | D:9      | Killed a wolf spider
 11115 | D:9      | Reached XP level 11. HP: 82/94 MP: 7/10
 11546 | D:8      | Killed a boulder beetle
 11546 | D:8      | Received a gift from Okawaru
 11547 | D:8      | Reached skill level 12 in Shields
 12546 | D:3      | Killed kthxbai's ghost
 12698 | D:10     | Entered Level 10 of the Dungeon
 13175 | D:10     | Reached skill level 13 in Shields
 13218 | D:10     | Noticed Ablot's ghost (journeyman GnWr)
 13218 | D:10     | Noticed a glowing orange brain
 13219 | D:10     | Found a runed translucent gate.
 13219 | D:10     | Found a runed translucent gate.
 13219 | D:10     | Found a runed translucent gate.
 13221 | D:10     | Found a viscous altar of Jiyva.
 13459 | D:10     | Found Onuadun's Magic Scroll Boutique.
 13468 | D:10     | Bought a scroll of identify for 34 gold pieces
 13494 | D:10     | Bought a scroll of identify for 34 gold pieces
 13494 | D:10     | Bought a scroll of identify for 34 gold pieces
 14401 | D:11     | Noticed a skeletal warrior
 14401 | D:11     | Noticed a skeletal warrior
 14466 | D:11     | Killed a skeletal warrior
 14466 | D:11     | Identified the +3 hand crossbow of Gallantry {flame, rElec
                  | Int+2 SInv} (Okawaru gifted it to you on level 11 of the
                  | Dungeon)
 14466 | D:11     | Received a gift from Okawaru
 14635 | D:11     | Noticed a skeletal warrior
 14720 | Lair:1   | Entered Level 1 of the Lair of Beasts
 14746 | Lair:1   | Slain by a cane toad

Illustrated notes

Levels and vault maps discovered:
D:1:      amcnicky_arrival_abandoned_market, layout_loops_cross,
          chequers_ecumenical_altar_simple
D:2:      layout_rooms, basic_altar
D:3:      layout_basic, trog_three_pillars_becter, biasface_ghost_orc_armoury,
          grunt_ministairs_3
D:4:      cheibrodos_old_hovel, layout_gridville, lemuel_temple_firewalk_b,
          portal_sewer_entry_e, uniq_eustachio, uniq_edmund
D:5:      minmay_spotlight, layout_gridville, nicolae_hepliaklqana_hazy_memory,
          kennysheep_boxes, uniq_pikel, uniq_sigmund
D:6:      layout_rooms, nemelex_xobeh_ov_fountains_minmay
D:7:      minmay_evil_eye, layout_basic, mainiacjoe_overflow_alcove_2,
          nicolae_vehumet_radiance, interstate_on_off, serial_bayou_ford_a
D:8:      minmay_klotski, layout_basic, erik_lair_island,
          nicolae_island_escapes, uniq_maurice
D:9:      layout_roguey, nicolae_ashenzari_panopticon,
          mainiacjoe_overflow_catch_the_wave, uniq_gastronok
D:10:     layout_basic, gammafunk_ghost_ooze, serial_shops,
          nicolae_lakefront_shop
D:11:     layout_stronghold
Temple:   eino_temple_lava
Lair:1:   layout_regular_city, gauntlet_entry_generic, evilmike_ambush
          [evilmike_ambush_outer_basic, evilmike_ambush_inner_basic]

Skill      XL: |  1  2  3  4  5  6  7  8  9 10 11 |
---------------+----------------------------------+-----
Armour         | 4 5 7 8 9 10 11 | 11.9
Shields        | 4 5 6 7 9 11 13 | 13.2
Fighting       | 4 5 6 7 8 |  8.9
Long Blades    | 3 4 5 6 7 9 10 12 | 12.0
Dodging        | 1 2 3 4 |  4.2
Stealth        | 1 2 |  2.3
Invocations    | |  0.6
Evocations     | |  0.3

Action                   |  1- 3 |  4- 6 |  7- 9 | 10-12 || total
-------------------------+-------+-------+-------+-------++-------
Melee: Long sword        |   106 |    12 |       |       ||   118
       Headbutt          |    14 |    24 |    65 |   119 ||   222
       Falchion          |       |   111 |   321 |   444 ||   876
Invok: Heroism           |       |       |       |     8 ||     8
Evoke: Wand              |       |       |       |     4 ||     4
  Use: Potion            |       |     2 |     4 |     3 ||     9
       Scroll            |       |     6 |     5 |     9 ||    20
 Stab: Invisible         |       |       |     2 |       ||     2
Armor: Scale mail        |    49 |    93 |     9 |       ||   151
       Chain mail        |       |       |   171 |       ||   171
       Plate armour      |       |       |    23 |   259 ||   282
Dodge: Dodged            |    24 |    45 |    94 |   102 ||   265
Block: Buckler           |     6 |       |       |       ||     6
       Tower shield      |    79 |   124 |   300 |   452 ||   955
